AoeStats
← Electriuz

Arena

505572372Analyzed
3v3 RM · 23d ago on Sep 10, 2026· 45m 20s· 6 players
Game mode
Random Map
Map size
Normal (6 player)
Population
200
Speed
Normal
Resources
Standard
Victory
Conquest
Starting age
Dark Age
Ending age
Imperial Age
RankedLock teamsTeams togetherTeam positionsShared explorationLock speedFull tech treeHidden civsTurbo modeCheats
Victory
Defeat
🇦🇷 Britons · Argentina
727
+21
🇨🇱 Turks · Chile
572
+26
🇦🇷 Sicilians · Argentina
571
+26
🇵🇪 Persians · Peru
949
-28
🇲🇽 Burmese · Mexico
794
-23
🇧🇷 Franks · Brazil
745
-22
Electriuz
14:55 Feudal Age
21:30 Arson
24:36 Castle Age
23:09 Horse Collar
26:16 Squires
27:04 Wheelbarrow
26:46 Double-Bit Axe
27:43 Pikeman
28:24 Squires
28:27 Scale Mail Armor
28:37 Forging
28:35 Heavy Plow
31:42 Iron Casting
31:23 Chain Mail Armor
35:09 Ballistics
41:11 Imperial Age
38:58 Gold Mining
38:58 Stone Mining
39:26 Chain Mail Armor
41:24 Capped Ram
42:38 Conscription
42:40 Elite Serjeant
Josukee ♿
13:46 Feudal Age
14:12 Horse Collar
14:23 Double-Bit Axe
25:00 Castle Age
23:16 Gold Mining
23:24 Stone Mining
27:27 Loom
30:14 Imperial Age
27:55 Heavy Plow
28:09 Bow Saw
29:39 Wheelbarrow
29:49 Gold Shaft Mining
30:44 Hand Cart
35:10 Conscription
35:02 Cavalier
35:44 Husbandry
35:59 Forging
35:55 Scale Barding Armor
36:04 Bloodlines
36:56 Caravan
38:58 Iron Casting
38:28 Loom
38:29 Town Watch
38:48 Elite Janissary
45:50 Artillery
Chule14
1:29 Loom
11:32 Feudal Age
12:53 Double-Bit Axe
18:49 Wheelbarrow
18:55 Horse Collar
19:12 Gold Mining
21:18 Stone Mining
27:54 Castle Age
28:39 Padded Archer Armor
28:30 Fletching
29:13 Hand Cart
29:02 Heavy Plow
29:14 Bow Saw
28:27 Crossbowman
30:25 Gold Shaft Mining
29:54 Caravan
30:27 Hand Cart
31:57 Bodkin Arrow
32:17 Leather Archer Armor
31:43 Elite Skirmisher
34:31 Yeomen
38:08 Imperial Age
38:16 Elite Longbowman
39:42 Hoardings
39:57 Arbalester
41:11 Bracer
43:38 Two-Man Saw
42:43 Man-at-Arms
45:37 Ring Archer Armor
Wolf
12:30 Feudal Age
11:38 Loom
19:14 Castle Age
18:00 Forging
18:16 Double-Bit Axe
20:04 Wheelbarrow
19:15 Town Watch
24:13 Pikeman
25:42 Padded Archer Armor
26:37 Fortified Wall
27:52 Leather Archer Armor
29:41 #83
29:05 Crossbowman
30:23 Masonry
31:30 Gold Mining
31:53 Bow Saw
31:37 Guard Tower
36:04 Imperial Age
33:42 Husbandry
33:51 Scale Barding Armor
33:46 Scale Mail Armor
33:52 Squires
33:41 Arson
35:01 Siphons
34:50 Fletching
35:21 Chain Barding Armor
36:41 Ballistics
37:03 Chain Mail Armor
37:16 Conscription
36:59 Chivalry
36:37 Cavalier
37:49 Bodkin Arrow
39:11 Hand Cart
40:08 Chemistry
39:40 Architecture
44:03 Onager
odonaires
Mystburn
Connection lost

Rejoining the realm…

Still unreachable

The connection could not be restored.

Session expired

The server has moved on; the page needs a fresh start.